 Dungeon Crawl Stone Soup version 0.22-a0-443-g17c3723931 (webtiles) character file.

1077 Oravi the Insei (level 8, 0/61 HPs)
             Began as a Merfolk Transmuter on June 1, 2018.
             Succumbed to a killer bee's poison
             ... on level 4 of the Dungeon.
             The game lasted 00:17:30 (5817 turns).

Oravi the Insei (Merfolk Transmuter)                Turns: 5817, Time: 00:17:31

Health: 0/61       AC:  3    Str: 11    XL:     8   Next: 29%
Magic:  8/11       EV: 25    Int: 14    God:
Gold:   147        SH:  0    Dex: 19    Spells: 5/11 levels left

rFire    . . .     SeeInvis .     - Unarmed
rCold    . . .     Gourm    .   (shield currently unavailable)
rNeg     . . .     Faith    .   (armour currently unavailable)
rPois    x         Spirit   .   (helmet currently unavailable)
rElec    .         Reflect  .   (cloak currently unavailable)
rCorr    .         Harm     .   (gloves currently unavailable)
MR       .....                  (boots currently unavailable)
Stlth    ++........             (no amulet)
HPRegen  0.20/turn              e - +1 ring of protection
MPRegen  0.12/turn              (no ring)

@: lethally poisoned (0 -> -8), spider-form
A: tiny, (change form in water), (swift swim), (stealthy swim)
a: End Transformation


You were on level 4 of the Dungeon.
You were not hungry.
You were a venomous arachnid creature.
You visited 1 branch of the dungeon, and saw 4 of its levels.

You collected 147 gold pieces.

Inventory:

Missiles
 a - 57 arrows
Armour
 b - a +0 robe (melded)
 h - a +0 pair of gloves
 o - a +0 pair of boots
 p - a +0 buckler
Jewellery
 e - a +1 ring of protection (left front leg)
 k - an uncursed ring of ice
Wands
 n - a wand of polymorph (15)
 q - a wand of iceblast (13)
 s - a wand of flame (21)
Scrolls
 g - 2 scrolls of remove curse
 i - 2 scrolls of identify
Potions
 j - a potion of lignification
 l - a potion of magic
 m - a potion of berserk rage
Comestibles
 d - 3 rations


   Skills:
 + Level 4.3 Fighting
 + Level 5.8 Dodging
 * Level 7.0 Unarmed Combat
 - Level 2.0 Spellcasting
 - Level 6.0 Transmutations
 - Level 3.0 Poison Magic


You had 5 spell levels left.
You knew the following spells:

 Your Spells              Type           Power        Failure   Level  Hunger
a - Beastly Appendage     Tmut           ###...       8%          1    ##.....
b - Sticks to Snakes      Tmut           ###.....     11%         2    ###....
c - Spider Form           Tmut/Pois      ##........   26%         3    ####...

Your spell library contained the following spells:

 Spells                   Type           Power        Failure   Level  Hunger
 Blade Hands              Tmut           ###.......   71%         5    ######.
 Ice Form                 Ice/Tmut       #.......     77%         4    #####..


Dungeon Overview and Level Annotations

Branches:
Dungeon (4/15)
 Temple: D:4-7

Altars:
Gozag
Vehumet

Shops:
D:4 %

Annotations:
D:2 1 runed door
D:4 Sigmund


Message History

Sigmund is lightly wounded.
* * * LOW HITPOINT WARNING * * *
You feel sick.
You hit Sigmund.
Sigmund looks as sick as possible!
Sigmund is moderately wounded.
* * * LOW HITPOINT WARNING * * *
You feel sick. Sigmund completely misses you.
You hit Sigmund.
Sigmund looks as sick as possible!
Sigmund is heavily wounded.
* * * LOW HITPOINT WARNING * * *
You feel sick.
You bite Sigmund!
Sigmund looks as sick as possible!
Sigmund is severely wounded.
* * * LOW HITPOINT WARNING * * *
You feel sick. Sigmund gestures at you while chanting.
You resist with some effort.
You barely miss Sigmund.
Sigmund is almost dead.
You die...

...........
#..........
#..........
#..........
#..........
#..$.......
#..........
#####..........
#.s@...........
#.†.....##.....
#.......# .....
#.......# ....
#.......# ...
#.......# ...
#.......#
#.......#


You could see Sigmund.

Vanquished Creatures
  A phantom (D:4)
  2 elf zombies (D:4)
  5 elf skeletons (D:4)
  4 killer bees (D:4)
  2 orc priests
  2 bullfrog skeletons (D:4)
  An orc wizard (D:2)
  2 human skeletons (D:4)
  2 worker ants (D:4)
  5 adders
  4 gnolls
  An ooze (D:3)
  2 worms
  A dart slug (D:2)
  4 leopard geckos
  13 orcs
  2 giant cockroaches (D:4)
  4 goblins
  3 hobgoblins (D:2)
  3 jackals (D:4)
  2 quokkas (D:2)
  A ball python (D:3)
  5 bats
  6 frilled lizards
  6 kobolds
  An orc skeleton (D:4)
  An orc zombie (D:4)
  7 rats
92 creatures vanquished.

Vanquished Creatures (others)
  An orc (D:3)
1 creature vanquished.

Grand Total: 93 creatures vanquished

Notes
Turn   | Place    | Note
-------+----------+-------------------------------------------
     0 | D:1      | Oravi the Merfolk Transmuter began the quest for the Orb.
     0 | D:1      | Reached XP level 1. HP: 15/15 MP: 3/3
   304 | D:1      | Reached XP level 2. HP: 12/21 MP: 5/5
  1156 | D:2      | Reached XP level 3. HP: 16/26 MP: 4/6
  1160 | D:2      | Learned a level 2 spell: Sticks to Snakes
  1164 | D:2      | Learned a level 3 spell: Spider Form
  1840 | D:2      | Found a runed door.
  2108 | D:3      | Reached skill level 1 in Poison Magic
  2164 | D:3      | Reached skill level 5 in Transmutations
  2235 | D:3      | Reached XP level 4. HP: 30/32 MP: 3/7
  2853 | D:2      | HP: 1/32 [adder (3)]
  2865 | D:2      | Reached XP level 5. HP: 32/37 MP: 8/8
  4058 | D:2      | Found an opulent altar of Gozag.
  4088 | D:3      | Reached XP level 6. HP: 37/44 MP: 6/9
  4387 | D:4      | Reached skill level 4 in Unarmed Combat
  4452 | D:4      | Found Fuob's Food Emporium.
  4510 | D:4      | Noticed a phantom
  4550 | D:4      | Killed a phantom
  5025 | D:4      | Reached skill level 5 in Unarmed Combat
  5025 | D:4      | Reached XP level 7. HP: 37/51 MP: 7/10
  5138 | D:4      | Reached skill level 5 in Dodging
  5138 | D:4      | Reached skill level 6 in Unarmed Combat
  5407 | D:4      | Found a radiant altar of Vehumet.
  5471 | D:4      | Reached XP level 8. HP: 57/60 MP: 8/11
  5645 | D:4      | Noticed Sigmund
  5655 | D:4      | HP: 3/60 [poisoned by a killer bee]
  5660 | D:4      | HP: 2/90 [poisoned by a killer bee]
  5665 | D:4      | HP: 1/90 [poisoned by a killer bee]
  5672 | D:4      | HP: 1/90 [poisoned by a killer bee]
  5680 | D:4      | HP: 1/90 [poisoned by a killer bee]
  5811 | D:4      | Reached skill level 7 in Unarmed Combat
  5813 | D:4      | HP: 3/61 [poisoned by a killer bee]
  5815 | D:4      | HP: 1/61 [poisoned by a killer bee]
  5817 | D:4      | Succumbed to a killer bee's poison

Vault maps used:
D:1:      dpeg_arrival_boxorama
D:2:      lemuel_upstairs_altar, uniq_crazy_yiuf_cottage
D:3:      first_ration, st_stairs_6
D:4:      vehumet_altar_wand_db, chequers_temple_overflow_statue_of_worship,
          serial_shops, nicolae_shop_waterfront, nicolae_shop_behind_doors,
          nicolae_ossuary_entry_catacombs, uniq_sigmund

Skill      XL: |  1  2  3  4  5  6  7  8 |
---------------+-------------------------+-----
Transmutations | 3 4 5 6 |  6.0
Poison Magic   | 1 2 3 |  3.0
Dodging        | 3 4 5 |  5.8
Unarmed Combat | 5 6 7 |  7.0
Fighting       | 2 3 4 |  4.3
Spellcasting   | |  2.0

Action                   |  1- 3 |  4- 6 |  7- 9 || total
-------------------------+-------+-------+-------++-------
Melee: Unarmed           |    98 |   161 |   144 ||   403
       Headbutt          |     7 |     2 |       ||     9
       Punch             |     1 |       |     1 ||     2
 Cast: Beastly Appendage |    18 |     3 |       ||    21
       Spider Form       |     4 |    26 |    12 ||    42
  Use: Potion            |     2 |     4 |     2 ||     8
       Scroll            |       |     5 |     2 ||     7
 Stab: Sleeping          |       |     2 |     2 ||     4
  Eat: Chunk             |     5 |     8 |     2 ||    15
       Ration            |       |     1 |     1 ||     2
Armor: Robe              |     6 |     6 |       ||    12
       Skin              |       |    24 |     6 ||    30
Dodge: Dodged            |    76 |   135 |   111 ||   322

Table legend:
 A = Spawn XP
 B = Non-spawn XP
 C = Spawn XP percentage of total XP
 D = Spawn monster count
 E = Non-spawn monster count
 F = Spawn count percentage of total count
 G = Total turns spent on level
                    A         B        C        D         E        F      G
               +---------+---------+-------+---------+---------+-------+---------
         Total |       0 |    1539 |   0.0 |       0 |      92 |   0.0 |  5817
               +---------+---------+-------+---------+---------+-------+---------
           D:1 |       0 |      14 |   0.0 |       0 |       9 |   0.0 |  1016
           D:2 |       0 |     187 |   0.0 |       0 |      27 |   0.0 |  2635
           D:3 |       0 |     124 |   0.0 |       0 |      24 |   0.0 |   692
           D:4 |       0 |    1214 |   0.0 |       0 |      32 |   0.0 |  1474
               +---------+---------+-------+---------+---------+-------+---------
